 Dungeon Crawl Stone Soup version 0.29.1-1-gd02db6906a (webtiles) character file.

Game seed: 7559271213337388990

7 Icepheonix32 the Covered (level 1, -2/20 HPs)
             Began as a Minotaur Fighter on Sept 21, 2022.
             Slain by Natasha (4 damage)
             ... on level 2 of the Dungeon.
             The game lasted 00:00:27 (158 turns).

Icepheonix32 the Covered (Minotaur Fighter)          Turns: 158, Time: 00:00:28

Health: -2/20      AC:  7    Str: 20    XL:     1   Next: 83%
Magic:  0/0        EV:  9    Int:  5    God:
Gold:   53         SH:  4    Dex:  9    Spells: 0/0 levels left

rFire   . . .      SeeInvis .   a - +0 war axe
rCold   . . .      Faith    .   c - +0 buckler
rNeg    . . .      Spirit   .   b - +0 scale mail
rPois   .          Reflect  .   (helmet restricted)
rElec   .          Harm     .   (no cloak)
rCorr   .          Rampage  .   (no gloves)
Will    .....                   (no boots)
Stlth   ..........              (no amulet)
HPRegen 0.06/turn               (no ring)
MPRegen 0.07/turn               (no ring)

@: mighty, slowed, very slow
A: horns 2, retaliatory headbutt
a: no special abilities


You were on level 2 of the Dungeon.
You visited 1 branch of the dungeon, and saw 2 of its levels.

You collected 53 gold pieces.

Inventory:

Hand Weapons
 a - a +0 war axe (weapon)
Missiles
 f - 3 boomerangs (quivered)
Armour
 b - a +0 scale mail (worn)
 c - a +0 buckler (worn)
Scrolls
 h - a scroll of enchant armour {unknown}
Potions
 e - a potion of ambrosia {unknown}
 g - a potion of mutation {unknown}


   Skills:
 * Level 3.7 Fighting
 + Level 2.4 Axes
 + Level 0.2 Throwing
 + Level 3.9 Armour
 + Level 3.8 Shields


You couldn't memorise any spells.
You didn't know any spells.
Your spell library was empty.

Dungeon Overview and Level Annotations

Branches:
Dungeon (1/15)

Altars:

Annotations:
D:2 Natasha


Innate Abilities, Weirdness & Mutations

You have a pair of horns on your head.
You reflexively headbutt those who attack you in melee.


Message History

You kill the ball python!
The goblin throws a stone.
The stone hits you but does no damage.
You throw a boomerang. The boomerang hits the goblin.
You kill the goblin!
Natasha hisses.
Natasha stares at you and mumbles some strange words.
You feel yourself slow down.
You throw a boomerang. The boomerang closely misses Natasha.
Natasha casts a spell at you. The magic dart hits you.
Natasha casts a spell at you. You resist with significant effort.
You throw a boomerang. The boomerang barely misses Natasha.
Natasha mumbles some strange words.
You throw a boomerang. The boomerang hits Natasha.
Natasha is lightly wounded.
Natasha claws you but does no damage. Natasha claws you.
The shadow imp barely misses you. You furiously retaliate!
You headbutt the shadow imp! You throw a boomerang.
The boomerang hits the shadow imp.
You kill the shadow imp!
The shadow imp disappears in a puff of smoke!
Natasha claws you but does no damage. Natasha casts a spell at you.
You resist with significant effort. Natasha barely misses you.
Unknown command.
Natasha attacks as you move away! Natasha barely misses you.
You furiously retaliate!
You headbutt Natasha! Natasha claws you.
You hit Natasha.
Natasha is almost dead.
Natasha mumbles some strange words.
Natasha's front paws start to glow.
Natasha stares at you and mumbles some strange words.
The magic dart hits you!
* * * LOW HITPOINT WARNING * * *
Natasha misses you.
You feel very mighty all of a sudden. Natasha claws you.
You die...

.....# ####.####.
#.##.#### #### .....<
#....)..# #.. ..#.#
#....##.# #.# #.#.###
##.#.##.####.#####.#...##.
...............)..........
##.####.####.#####[.......
#.# #.# #.#####...>...#
#.. ..# #....@h.))....#
### #### #######........
###...#.# ...... ..###
.#.# ..:# #.#.


You could see Natasha.

Vanquished Creatures
  2 endoplasms (D:2)
  2 goblins (D:2)
  A quokka (D:2)
  A ball python (D:2)
6 creatures vanquished.

Notes
Turn   | Place    | Note
-------+----------+-------------------------------------------
     0 | D:1      | Icepheonix32 the Minotaur Fighter began the quest for the
                  | Orb.
     0 | D:1      | Reached XP level 1. HP: 19/19 MP: 0/0
    38 | D:1      | You fall into a shaft and drop 1 floor!
   147 | D:2      | Noticed Natasha
   158 | D:2      | Slain by Natasha

Illustrated notes

Levels and vault maps discovered:
D:1:      dpeg_arrival_shelter, layout_basic
D:2:      cheibrodos_greedy_goblins, layout_loops_cross,
          dreamdust_ecumenical_altar_sealed_demon, kennysheep_flooded_box,
          kennysheep_generic_room_12, uniq_natasha

Action                   || total
-------------------------++-------
Melee: War axe           ||     2
Throw: Boomerang         ||    25
  Use: Potion            ||     1
Armor: Scale mail        ||     5
Dodge: Dodged            ||     6
Block: Buckler           ||     1
